 Dungeon Crawl Stone Soup version 0.29-a0-555-g3b24f45cc1 (webtiles) character file.

Game seed: 16459572141854605362

3040 mandarbmax the Nimble (level 10, 0/86 HPs)
             Began as a Meteoran Wanderer on June 8, 2022.
             Was a Believer of Yredelemnul.
             Shot with an arrow by a centaur warrior (16 damage)
             ... on level 8 of the Dungeon.
             The game lasted 00:29:08 (2727 turns).

mandarbmax the Nimble (Meteoran Wanderer)           Turns: 2727, Time: 00:29:08

Health: 0/86       AC: 16    Str: 10    XL:     10   Next: 32%
Magic:  25/26      EV: 13    Int: 21    God:    Yredelemnul [**....]
Gold:   319        SH:  0    Dex: 20    Spells: 7/17 levels left

rFire   . . .      SeeInvis +   k - +2 spear of Anxiety {vorpal, Fly rC+ rCorr MP+9}
rCold   + + .      Faith    .   (no shield)
rNeg    . . .      Spirit   .   j - +3 scale mail of the Demon Prince {rC+ Will+++ Str-5 Dex+4}
rPois   .          Reflect  .   m - +1 helmet
rElec   .          Harm     .   H - scarf {shadows}
rCorr   +          Rampage  .   G - +1 pair of gloves
Will    ++++.                   C - +0 pair of boots
Stlth   +.........              (no amulet)
HPRegen 0.24/turn               n - +6 ring of intelligence
MPRegen 0.20/turn               v - ring of see invisible

@: flying, glowing
A: sense surroundings 2, otherworldly, glowing, explore regen
a: Renounce Religion, Recall Undead Harvest, Dark Bargain


You were on level 8 of the Dungeon.
You worshipped Yredelemnul.
Yredelemnul was noncommittal.
You visited 1 branch of the dungeon, and saw 8 of its levels.

You collected 368 gold pieces.
You spent 49 gold pieces at shops.

Inventory:

Hand Weapons
 k - the +2 spear of Anxiety (weapon) {vorpal, Fly rC+ rCorr MP+9}
   (You took it off a goblin on level 2 of the Dungeon)

   It inflicts extra damage upon your enemies.
   rC:        It protects you from cold.
   MP:        It affects your magic capacity (+9).
   Fly:       It grants you flight.
   rCorr:     It protects you from acid and corrosion.
 y - the +10 mace of the Enchanted Forest {distort, Str+2}
   (You found it on level 4 of the Dungeon)

   It warps and distorts space around it, and may blink, banish, or inflict
   extra damage upon those it strikes.
   Unwielding it can cause banishment or high damage.
   Str:       It affects your strength (+2).
Armour
 a - a +1 robe of willpower
 d - a +0 cloak
 j - the +3 scale mail of the Demon Prince (worn) {rC+ Will+++ Str-5 Dex+4}
   (You found it on level 2 of the Dungeon)

   Str:       It affects your strength (-5).
   Dex:       It affects your dexterity (+4).
   rC:        It protects you from cold.
   Will:      It greatly increases your willpower.
 m - a +1 helmet (worn)
 C - a +0 pair of boots (worn)
 E - a +0 ring mail of cold resistance
 G - a +1 pair of gloves (worn)
 H - a scarf of shadows (worn)
Magical Staves
 c - a staff of conjuration
Jewellery
 n - a +6 ring of intelligence (left hand)
 t - a ring of positive energy
 v - a ring of see invisible (right hand)
Wands
 l - a wand of mindburst (11)
 F - a wand of paralysis (7)
Scrolls
 b - 3 scrolls of fear
 h - 3 scrolls of immolation
 i - a scroll of poison {unknown}
 o - 2 scrolls of fog {unknown}
 p - a scroll of brand weapon {unknown}
 q - a scroll of magic mapping
 r - a scroll of blinking
 s - a scroll of amnesia {unknown}
 u - a scroll of noise {unknown}
 w - a scroll of summoning
 x - a scroll of silence {unknown}
 z - 3 scrolls of teleportation {unknown}
 D - 2 scrolls of enchant armour {unknown}
Potions
 e - a potion of resistance
 f - 3 potions of curing {unknown}
 g - a potion of flight
 A - a potion of mutation
 B - a potion of magic {unknown}


   Skills:
 - Level 7.0 Fighting
 - Level 1.2 Throwing
 - Level 7.0 Armour
 + Level 8.4 Dodging
 - Level 1.0 Stealth
 - Level 4.0 Spellcasting
 - Level 5.0 Conjurations
 - Level 4.0 Necromancy
 - Level 7.0 Fire Magic


You had 7 spell levels left.
You knew the following spells:

 Your Spells              Type           Power      Damage    Failure   Level
a - Necrotize             Necr           84%        1d8       12%         1
b - Foxfire               Conj/Fire      100%       2x1d9     5%          1
c - Scorch                Fire           66%        2d8       5%          2
d - Sticky Flame          Conj/Fire      29%        2d5       47%         4
e - Blink                 Tloc           8%         N/A       67%         2

Your spell library contained the following spells:

 Spells                   Type           Power      Damage    Failure   Level
 Vampiric Draining        Necr           21%        2d7       36%         3
 Beastly Appendage        Tmut           8%         N/A       54%         1
 Wereblood                Tmut           4%         N/A       67%         2
 Spider Form              Tmut/Pois      4%         N/A       88%         3
 Manifold Assault         Tloc           4%         N/A       100%        5
 Storm Form               Tmut/Air       2%         N/A       100%        7


Dungeon Overview and Level Annotations

Branches:
Dungeon (8/15)             Temple (0/1) D:5
   Lair: D:8-11

Altars:
Yredelemnul

Shops:
D:2 [


Innate Abilities, Weirdness & Mutations

You passively map the area around you.
You are easily found by Zot.
You glow in the dark.
You regain HP and MP as you explore.


Message History

Really read the scroll of immolation?
As you read the scroll of immolation, it crumbles to dust.
The creatures around you are filled with an inner flame!
The centaur warrior shoots an arrow.
The arrow hits you!!
The centaur warrior shoots an arrow.
The arrow hits you!
Unknown command.
Okay, then.
Casting: Scorch (safe; 5% risk of failure)
Confirm with . or Enter, or press ? or * to list all spells.
You can't see any susceptible monsters within range! (Use Z to cast anyway.)
Casting: Scorch (safe; 5% risk of failure)
Confirm with . or Enter, or press ? or * to list all spells.
Aiming: Necrotize (safe; 12% risk of failure)
Press: ? - help, Shift-Dir - straight line, f - centaur warrior
Aim: a centaur warrior, wielding a +0 shortbow (inner flame, ally target, chance to affect: 65%)
The centaur warrior struggles to resist.
Your spectral white imp hits the centaur warrior but does no damage.
The centaur warrior shoots an arrow.
The arrow hits you!
Aiming: Mindburst
Press: ? - help, Shift-Dir - straight line, f/p - centaur warrior
Aim: a centaur warrior, wielding a +0 shortbow (inner flame, ally target, chance to affect: 47%)
The centaur warrior resists with some effort.
The centaur warrior barely misses your spectral white imp.
The centaur warrior kicks your spectral white imp but does no damage.
The centaur warrior shoots an arrow.
The arrow barely misses you.
The arrow hits your vampire mosquito zombie!!
Your vampire mosquito zombie explodes!
The fiery explosion engulfs you!
* * * LOW HITPOINT WARNING * * *
Your spectral white imp hits the centaur warrior.
Your spectral white imp drains the centaur warrior.
The centaur warrior hits your spectral white imp.
The centaur warrior kicks your spectral white imp but does no damage.
The centaur warrior shoots an arrow.
The arrow hits you.
* * * LOW HITPOINT WARNING * * *
Unknown command.
Your spectral white imp hits the centaur warrior but does no damage.
The centaur warrior shoots an arrow.
The arrow hits you!
You die...
Your body rises from the dead as a mindless zombie.

######.##
#.#.#.#.#####.####.####
.....Z## ##.#.#.####
#..<....... ######Z##
#....####..##.......### .###
##.###..####..#.##.......#
...#####.######ce###.##.#.....#
##...####Z###Zc###$#.##.#####.#
###...###Z.Z###)....##.# .#
###...####§§###/#B##.#####.#
#.#....###§@###B##........,
#.####...###..#c##..###### *
#.# ###...###cC##..# #.#
###...#####..# * #.# * *
###........# #.. ,
..............# ##
*###############


You could see 2 boulder beetles, 4 centaur warriors, a cyclops (inner flame), a
deep elf pyromancer, a friendly spectral white imp, a friendly yak zombie and a
friendly kobold brigand zombie (inner flame).

Vanquished Creatures
  Grinder (D:3)
  Sigmund (D:2)
  A yak (D:8)
  A wraith (D:5)
  Eustachio (D:4)
  A vampire mosquito (D:8)
  A steam dragon (D:7)
  A water moccasin (D:6)
  3 sky beasts
  4 ice beasts
  A black bear (D:6)
  An ogre (D:6)
  A centaur (D:5)
  A phantom (D:6)
  2 kobold brigands
  2 scorpions
  A necrophage (D:6)
  3 howler monkeys
  2 hounds
  A jelly (D:7)
  2 iguanas
  2 orc wizards
  Terence (D:3)
  Robin (D:2)
  4 adders
  2 ufetubi
  2 dart slugs
  10 orcs
  5 endoplasms
  5 giant cockroaches
  9 goblins
  11 hobgoblins
  7 jackals
  5 quokkas
  6 ball pythons
  4 bats
  2 frilled lizards
  9 kobolds
  4 rats
121 creatures vanquished.

Vanquished Creatures (collateral kills)
  A centaur (D:8)
  A wight (D:8)
  An iguana (D:5)
  A white imp (D:8)
  An ufetubus (D:5)
  A bat (D:1)
  An endoplasm (D:2)
  2 goblins (D:1)
  A hobgoblin (D:4)
  3 jackals
  A kobold (D:1)
  A quokka (D:4)
  A ball python (D:1)
  A rat (D:1)
17 creatures vanquished.

Vanquished Creatures (others)
  A vampire mosquito zombie (D:8)
  An ice beast zombie (D:8)
  4 bat zombies
  A ball python zombie (D:1)
  An endoplasm zombie (D:2)
  A hobgoblin zombie (D:2)
  2 jackal zombies (D:1)
  100 foxfires
111 creatures vanquished.

Grand Total: 249 creatures vanquished

Notes
Turn   | Place    | Note
-------+----------+-------------------------------------------
     0 | D:1      | mandarbmax the Meteoran Wanderer began the quest for the
                  | Orb.
     0 | D:1      | mandarbmax set off with the following items: a +0 dagger, a
                  | scroll of fear, a +0 robe, a +0 cloak; and the following
                  | spells available to memorise: Scorch, Necrotize, Foxfire,
                  | Vampiric Draining, Sticky Flame
     0 | D:1      | Reached XP level 1. HP: 14/14 MP: 3/3
     2 | D:1      | Learned a level 1 spell: Necrotize
     4 | D:1      | Learned a level 1 spell: Foxfire
    20 | D:1      | Reached skill level 5 in Fire Magic
    20 | D:1      | Reached XP level 2. HP: 12/20 MP: 0/6
   115 | D:1      | Reached XP level 3. HP: 26/26 MP: 4/7
   121 | D:1      | Learned a level 2 spell: Scorch
   241 | D:1      | Found a faded altar of an unknown god.
   255 | D:1      | Prayed at the altar of an unknown god.
   255 | D:1      | Became a worshipper of Yredelemnul the Dark
   255 | D:1      | Reached * piety under Yredelemnul
   500 | D:1      | Glimpsed the power of Zot.
   518 | D:2      | Reached XP level 4. HP: 33/33 MP: 2/8
   534 | D:2      | Identified the +3 scale mail of the Demon Prince {rC+
                  | Will+++ Str-5 Dex+4}
   554 | D:2      | Noticed Sigmund
   555 | D:2      | Identified the +2 spear of Anxiety {vorpal, Fly rC+ rCorr
                  | MP+9}
   565 | D:2      | Killed Sigmund
   566 | D:2      | Reached skill level 2 in Dodging
   566 | D:2      | Reached XP level 5. HP: 11/38 MP: 1/9
   566 | D:2      | Reached XP level 6. HP: 13/45 MP: 1/10
   635 | D:2      | Learned a level 4 spell: Sticky Flame
   689 | D:2      | Found Jiwnat's Armour Boutique.
   703 | D:2      | Bought a +0 pair of gloves for 49 gold pieces
   729 | D:2      | Noticed Robin
   736 | D:2      | Killed Robin
   743 | D:2      | Reached ** piety under Yredelemnul
   804 | D:2      | You are sucked into a shaft and drop 2 floors!
   852 | D:3      | Noticed Terence
   863 | D:3      | Killed Terence
   864 | D:3      | Reached skill level 1 in Conjurations
   911 | D:3      | Noticed Grinder
   918 | D:3      | Killed Grinder
   919 | D:3      | Reached skill level 3 in Dodging
   919 | D:3      | Reached XP level 7. HP: 40/50 MP: 8/11
  1003 | D:4      | Reached skill level 4 in Dodging
  1052 | D:4      | Reached XP level 8. HP: 52/57 MP: 9/12
  1281 | D:4      | Noticed Eustachio
  1290 | D:4      | Killed Eustachio
  1317 | D:4      | Identified the +10 mace of the Enchanted Forest {distort,
                  | Str+2}
  1321 | D:4      | Reached *** piety under Yredelemnul
  1397 | D:5      | Entered Level 5 of the Dungeon
  1404 | D:5      | Reached skill level 5 in Armour
  1404 | D:5      | Reached skill level 5 in Dodging
  1462 | D:5      | Found a staircase to the Ecumenical Temple.
  1497 | D:5      | Reached skill level 5 in Conjurations
  1500 | D:5      | Learned a level 2 spell: Blink
  1550 | D:5      | Noticed a wraith
  1557 | D:5      | Killed a wraith
  1558 | D:5      | Reached skill level 6 in Dodging
  1558 | D:5      | Gained mutation: You passively map the area around you.
                  | [Meteoran growth]
  1558 | D:5      | Reached XP level 9. HP: 62/62 MP: 12/13
  1808 | D:6      | Reached skill level 7 in Dodging
  1809 | D:6      | Reached skill level 1 in Fighting
  2246 | D:7      | Reached skill level 5 in Fighting
  2529 | D:8      | Reached XP level 10. HP: 83/83 MP: 17/17
  2667 | D:8      | Reached skill level 8 in Dodging
  2722 | D:8      | Noticed a centaur warrior
  2722 | D:8      | Noticed a deep elf pyromancer
  2722 | D:8      | Noticed a centaur warrior
  2722 | D:8      | Noticed a boulder beetle
  2722 | D:8      | Noticed a boulder beetle
  2722 | D:8      | Noticed a centaur warrior
  2722 | D:8      | Noticed a centaur warrior
  2722 | D:8      | Noticed a cyclops
  2727 | D:8      | Shot with an arrow by a centaur warrior

Illustrated notes

Levels and vault maps discovered:
D:1:      wander_arrival_peaceful_grave, layout_basic,
          hellmonk_ecumenical_altar_blasted
D:2:      layout_loops_cross, serial_shops, shop, uniq_robin, uniq_sigmund
D:3:      wander_river, layout_rooms, kennysheep_generic_room_3, uniq_grinder,
          uniq_terence
D:4:      layout_loops_ring, uniq_eustachio
D:5:      layout_cave_pools, minmay_temple_entry_wispy, st_stairs_11
D:6:      layout_basic, nicolae_fountain_basement
D:7:      cheibrodos_two_vegetables, layout_loops_corners
D:8:      minmay_the_grid_triangle_9x9_rhombus_full
          [minmay_the_grid_triangle_9x9_from_above,
          minmay_the_grid_triangle_9x9_sparse_checkered,
          minmay_the_grid_triangle_9x9_zippers_horizontal,
          minmay_the_grid_triangle_9x9_negative_grid,
          minmay_the_grid_triangle_9x9_odd_lines,
          minmay_the_grid_triangle_9x9_minimal,
          minmay_the_grid_triangle_9x9_zippers_vertical,
          minmay_the_grid_triangle_9x9_prize_top_heavy], layout_basic

Skill      XL: |  1  2  3  4  5  6  7  8  9 10 |
---------------+-------------------------------+-----
Spellcasting   | 2 4 |  4.0
Fire Magic     | 5 7 |  7.0
Necromancy     | 4 |  4.0
Armour         | 2 3 4 6 7 |  7.0
Dodging        | 2 3 4 6 7 8 |  8.4
Conjurations   | 2 3 5 |  5.0
Fighting       | 5 7 |  7.0
Throwing       | |  1.2
Stealth        | |  1.0

Action                   |  1- 3 |  4- 6 |  7- 9 | 10-12 || total
-------------------------+-------+-------+-------+-------++-------
Melee: Dagger            |    20 |     1 |       |       ||    21
       Punch             |     1 |       |       |       ||     1
       Spear             |       |     5 |     7 |    16 ||    28
 Cast: Foxfire           |    24 |    25 |    10 |       ||    59
       Necrotize         |    12 |     5 |     1 |     1 ||    19
       Scorch            |     6 |    21 |    91 |    18 ||   136
       Sticky Flame      |       |     3 |    12 |     1 ||    16
Invok: Recall Undead Har |       |       |     1 |       ||     1
Evoke: Wand              |       |       |       |     1 ||     1
  Use: Scroll            |       |       |     4 |     4 ||     8
Armor: Robe              |    17 |     9 |    16 |       ||    42
       Scale mail        |       |       |    19 |    18 ||    37
Dodge: Dodged            |    16 |     9 |    52 |    12 ||    89

Table legend: (Time is in decaauts)
 A = Elapsed time spent in this place.
 B = Non-inter-level travel time spent in this place.
 C = Inter-level travel time spent in this place.
 D = Time resting spent in this place.
 E = Time spent auto-exploring this place.
 F = Levels seen in this place.
 G = Mean time per level.
                   A        B        C        D        E       F      G
               +--------+--------+--------+--------+--------+-----+--------+
         Total |   2728 |   2519 |    209 |      0 |      6 |   8 |  341.0 |
       Dungeon |   2728 |   2519 |    209 |      0 |      6 |   8 |  341.0 |
               +--------+--------+--------+--------+--------+-----+--------+

Top non-repeatable levels by time:
     D:1: 512 daAuts
     D:6: 427 daAuts
     D:4: 406 daAuts
     D:7: 364 daAuts
     D:2: 312 daAuts
     D:8: 280 daAuts
     D:5: 261 daAuts
     D:3: 164 daAuts
